 Dungeon Sprint DCSS version 0.32-a0-433-g08bcfe7efd (webtiles) character file.

Game seed: 1003210335241286450

148 retardedninja the Trooper (level 5, -3/76 HPs)
             Began as a Mountain Dwarf Fighter on Feb 22, 2024.
             Slain by a hound (4 damage)
             ... in the Dungeon (Sprint IX: "|||||||||||||||||||||||||||||").
             The game lasted 00:00:22 (53 turns).

retardedninja the Trooper (Mountain Dwarf Fighter)    Turns: 53, Time: 00:00:22

Health: -3/76      AC:  7    Str: 20    XL:     5   Next: 8%
Magic:  5/5        EV:  9    Int:  9    God:
Gold:   0          SH:  5    Dex:  9    Spells: 4/4 levels left

rFire   . . .        a - +0 war axe
rCold   . . .        c - +0 buckler
rNeg    . . .        b - +0 scale mail
rPois   .            (no helmet)
rElec   .            (no cloak)
rCorr   .            (no gloves)
SInv    .            (no boots)
Will    .....        (no amulet) Stlth
                     (no ring)
HPRegen 0.32/turn    (no ring)
MPRegen 0.09/turn

%: no teleportation
@: berserking (expiring), on fire, hasted, glowing, very quick
A: runic magic, artefact enchanting
a: no special abilities


You were in the Dungeon.
You visited 1 branch

Inventory:

Hand Weapons
 a - a +0 war axe (weapon)
Armour
 b - a +0 scale mail (worn)
 c - a +0 buckler (worn)
Scrolls
 j - a scroll of blinking
Potions
 d - a potion of might
 h - 2 potions of magic


   Skills:
 + Level 6.9 Fighting
 + Level 5.6 Axes
 + Level 6.5 Armour
 + Level 0.5 Dodging
 + Level 6.5 Shields


You had 4 spell levels left.
You didn't know any spells.
Your spell library was empty.

Dungeon Overview and Level Annotations

Branches:
Dungeon (1/1)

Altars:


Innate Abilities, Weirdness & Mutations

Your spellcasting is much less encumbered by armour.
You can use scrolls of enchantment on lesser artefacts.


Message History

You kill the bombardier beetle!
The liquid fire burns you!
* * * LOW HITPOINT WARNING * * *
You have reached level 5!
You miss the hound. The liquid fire burns you!
* * * LOW HITPOINT WARNING * * *
The hound bites you but does no damage.
Unknown command.
You slash the hound!
The hound is heavily wounded.
The liquid fire burns you!
* * * LOW HITPOINT WARNING * * *
The hound closely misses you.
You completely miss the hound.
The hound is heavily wounded.
The liquid fire burns you!
* * * LOW HITPOINT WARNING * * *
The hound closely misses you.
Unknown command.
Unknown command.
You closely miss the hound.
The hound is heavily wounded.
The liquid fire burns you!
* * * LOW HITPOINT WARNING * * *
The hound closely misses you. The hound bites you.
* * * LOW HITPOINT WARNING * * *
Unknown command.
You closely miss the hound.
The hound is heavily wounded.
The liquid fire burns you!
* * * LOW HITPOINT WARNING * * *
The hound barely misses you.
Unknown command.
You closely miss the hound.
The hound is heavily wounded.
The liquid fire burns you!
* * * LOW HITPOINT WARNING * * *
The hound bites you.
You die... ▓▓▓▓▓▓▓▓▓▓▓▓▓▓▓▓▓▓ +...oh@....)'...<▓ ▓▓▓▓▓▓▓▓▓▓▓▓▓▓▓▓▓▓

You could see a hound and an orc.

Vanquished Creatures
  An ice beast (D)
  A bombardier beetle (D)
  An iguana (D)
  A dart slug (D)
  An endoplasm (D)
  A goblin (D)
  A hobgoblin (D)
  A frilled lizard (D)
8 creatures vanquished.

Notes
Turn   | Place    | Note
-------+----------+-------------------------------------------
     0 | D        | retardedninja the Mountain Dwarf Fighter began the quest
                  | for the Orb.
     0 | D        | Reached XP level 1. HP: 19/19 MP: 1/1
    21 | D        | Noticed a hound
    21 | D        | Noticed a bombardier beetle
    21 | D        | Noticed an iguana
    21 | D        | Noticed an ice beast
    29 | D        | Killed an ice beast
    30 | D        | Reached skill level 5 in Shields
    30 | D        | Reached XP level 2. HP: 30/30 MP: 2/2
    30 | D        | Reached XP level 3. HP: 37/37 MP: 3/3
    30 | D        | Reached XP level 4. HP: 44/44 MP: 4/4
    41 | D        | Reached skill level 5 in Axes
    48 | D        | Reached XP level 5. HP: 17/51 MP: 5/5
    52 | D        | HP: 3/76 [burnt (3)]
    53 | D        | HP: 1/76 [burnt (2)]
    53 | D        | Slain by a hound

Illustrated notes

Levels and vault maps discovered:
D:        linesprint [early_d, line_temple, items_1, d_10, items_2, lair_1,
          lair_end, items_3, orc_1, orc_end, items_4, d_15, swamp_1, shoals_1,
          snake_1, spider_1, d_20, vaults_1, items_5, swamp_end, shoals_end,
          snake_end, spider_end, vaults_end, d_27, items_6, zot_1, zot_end,
          crypt_end, forest_end, elf_end, slime_end, tomb_end, abyss_end,
          pan_hell_end]

Skill      XL: |  1  2  3  4 |
---------------+-------------+-----
Fighting       | 6 |  6.9
Armour         | 6 |  6.5
Shields        | 5 6 |  6.5
Axes           | 4 5 |  5.6
Dodging        | |  0.5

Action                     |  1- 3 |  4- 6 || total
---------------------------+-------+-------++-------
  Melee: War axe           |    17 |    21 ||    38
    Use: Potion            |     2 |     2 ||     4
 Armour: Scale mail        |    11 |     8 ||    19
  Dodge: Dodged            |     4 |     8 ||    12
  Block: Buckler           |     3 |     1 ||     4

Table legend: (Time is in decaauts)
 A = Elapsed time spent in this place.
 B = Non-inter-level travel time spent in this place.
 C = Inter-level travel time spent in this place.
 D = Time resting spent in this place.
 E = Time spent auto-exploring this place.
 F = Levels seen in this place.
 G = Mean time per level.
                   A        B        C        D        E       F      G
               +--------+--------+--------+--------+--------+-----+--------+
         Total |     54 |     54 |      0 |      0 |      0 |   1 |   54.0 |
       Dungeon |     54 |     54 |      0 |      0 |      0 |   1 |   54.0 |
               +--------+--------+--------+--------+--------+-----+--------+

Top non-repeatable levels by time:
       D: 54 daAuts
